 Dungeon Crawl Stone Soup version 0.19-a0-1007-g133f65f (webtiles) character file.

224 Liquid the Ruffian (level 5, -7/41 HPs)
             Began as a Demonspawn Gladiator on July 21, 2016.
             Mangled by an ogre
             ... wielding a +0 giant club
              (23 damage)
             ... on level 4 of the Dungeon.
             The game lasted 00:06:07 (2599 turns).

Liquid the Ruffian (Demonspawn Gladiator)           Turns: 2599, Time: 00:06:07

Health: -7/41      AC: 11    Str: 15    XL:     5   Next: 67%
Magic:  5/5        EV:  4    Int: 10    God:
Gold:   122        SH:  0    Dex: 14    Spells: 0 memorised, 4 levels left

rFire  . . .     SeeInvis .       - Unarmed
rCold  . . .     Gourm    .     f - +0 chain mail
rNeg   + . .     Faith    .     (no shield)
rPois  .         Spirit   .     b - +0 helmet
rElec  .         Dismiss  .     (no cloak)
rCorr  .         Reflect  .     (no gloves)
SustAt .         Harm     .     y - +0 pair of boots
MR     .....                    (no amulet)
Stlth  ..........               s - ring of positive energy
                                (no ring)

@: constricted, not resistant to hostile enchantments, extremely unstealthy
A: molten scales 1, demonic guardian 1
a: no special abilities


You were on level 4 of the Dungeon.
You were hungry.

You visited 1 branch of the dungeon, and saw 4 of its levels.

You collected 122 gold pieces.

Inventory:

Missiles
 c - 3 throwing nets (quivered)
Armour
 b - a +0 helmet (worn)
 f - a +0 chain mail (worn)
 y - a +0 pair of boots (worn)
Jewellery
 s - a ring of positive energy (right hand)
 w - an uncursed ring of fire
Scrolls
 g - 2 scrolls of teleportation {unknown}
 h - 3 scrolls of remove curse {unknown}
 m - 2 scrolls of noise {unknown}
 n - a scroll of amnesia {unknown}
 o - a scroll of immolation {unknown}
 r - 2 scrolls of identify {unknown}
 x - a scroll of fear {unknown}
 A - a scroll of enchant weapon {unknown}
 B - 2 scrolls of random uselessness {unknown}
 C - a scroll of magic mapping {unknown}
 D - a scroll of recharging {unknown}
Potions
 e - a potion of heal wounds
 j - 2 potions of might {unknown}
 k - a potion of mutation {unknown}
 l - a potion of brilliance {unknown}
 q - a potion of haste {unknown}
 u - a potion of degeneration {unknown}
 v - 2 potions of magic {unknown}
Comestibles
 a - a royal jelly
 d - 2 bread rations
 i - 3 meat rations
 p - 3 fruits
 t - a beef jerky
 z - a slice of pizza


   Skills:
 + Level 3.2 Fighting
 - Level 1.7 Throwing
 + Level 2.0 Armour
 + Level 2.9 Dodging
 * Level 4.6 Unarmed Combat


You had 4 spell levels left.
You didn't know any spells.

Dungeon Overview and Level Annotations

Branches:
Dungeon (4/15)
 Temple: D:4-7

Altars:

Annotations:
D:3 shady's ghost, amateur MfIE


Innate Abilities, Weirdness & Mutations

You are partially covered in molten scales. (AC +1)
A weak demonic guardian rushes to your aid.


Message History

Ouch! That really hurt!
You hit the ogre.
The ogre is heavily wounded.
The ogre barely misses you.
You completely miss the ogre.
The ogre is heavily wounded.
Your crimson imp hits the ogre.
Your crimson imp closely misses the ogre.
Your crimson imp blinks!
A ball python comes into view.
The ball python hisses angrily.
The ball python bites you but does no damage.
The ball python grabs you. The ball python constricts you.
You escape the ball python's grasp.
The ball python completely misses you. The ball python grabs you.
The ball python constricts you.
Your attempt to break free from the ball python fails, but you feel that another attempt might succeed.
The ogre hits you with a giant club!!
Ouch! That really hurt!
You die...

###.####.....##....#
#....#<.............
#....#..............
#....#..............
#....'.......##...##
#....#.......# ...
....... #....#.......+
..
.!......#..5##########
.......#..@##.....
#.....#.OS.......
#....##...##.....
#....##..)##.....
#................
#................ #.
#.........####### #..
#.........# #...
#.........+


You could see an ogre, a ball python and a friendly crimson imp.

Vanquished Creatures
  An ogre (D:4)
  A scorpion (D:4)
  3 adders
  A worm (D:2)
  3 dart slugs
  4 giant geckos
  2 orcs
  2 giant cockroaches (D:2)
  6 goblins
  3 hobgoblins
  2 quokkas
  2 ball pythons
  8 bats
  2 giant newts
  9 kobolds
  9 rats
58 creatures vanquished.

Notes
Turn   | Place    | Note
-------+----------+-------------------------------------------
     0 | D:1      | Liquid the Demonspawn Gladiator began the quest for the Orb.
     0 | D:1      | Reached XP level 1. HP: 16/16 MP: 1/1
   128 | D:1      | Reached skill level 3 in Unarmed Combat
   272 | D:1      | Gained mutation: You are partially covered in molten scales. (AC +1) [demonic ancestry]
   272 | D:1      | Reached XP level 2. HP: 20/22 MP: 2/2
  1002 | D:2      | Reached XP level 3. HP: 23/28 MP: 3/3
  1023 | D:2      | Reached skill level 1 in Armour
  1596 | D:3      | Noticed shady's ghost (amateur MfIE)
  1611 | D:4      | Noticed an ogre
  1625 | D:4      | Killed an ogre
  1625 | D:4      | Reached skill level 4 in Unarmed Combat
  1625 | D:4      | Gained mutation: A weak demonic guardian rushes to your aid. [demonic ancestry]
  1625 | D:4      | Reached XP level 4. HP: 19/35 MP: 4/4
  1625 | D:4      | Reached XP level 5. HP: 22/41 MP: 5/5
  2568 | D:4      | Noticed an ogre
  2599 | D:4      | Mangled by an ogre

Vault maps used:
D:1:      sevenhm_arrival_forest_fort_small_3, minmay_tromino_v4_b
D:2:      first_bread, corexii_shack
D:3:      lemuel_coloured_pillars_altar
D:4:      serial_shops, nicolae_shop_trees, uniq_robin, uniq_menkaure

Skill      XL: |  1  2  3  4  5 |
---------------+----------------+-----
Unarmed Combat | 3 4 |  4.6
Armour         | 1 2 |  2.0
Fighting       | 3 |  3.2
Throwing       | |  1.7
Dodging        | |  2.9

Action                   |  1- 3 |  4- 6 || total
-------------------------+-------+-------++-------
Melee: Unarmed           |   164 |    79 ||   243
  Use: Potion            |     1 |     2 ||     3
 Stab: Sleeping          |     2 |       ||     2
  Eat: Chunk             |     2 |     3 ||     5
Armor: Leather armour    |    23 |       ||    23
       Chain mail        |    42 |    31 ||    73
Dodge: Dodged            |    67 |    41 ||   108
